 Dungeon Crawl Stone Soup version 0.22-a0-558-gc224181 (webtiles) character file.

4 Amnesiac the Skirmisher (level 1, 0/18 HPs)
             Began as a Mummy Monk on June 26, 2018.
             Slain by a bat (1 damage)
             ... on level 1 of the Dungeon.
             The game lasted 00:00:15 (136 turns).

Amnesiac the Skirmisher (Mummy Monk)                 Turns: 136, Time: 00:00:15

Health: 0/18       AC:  0    Str: 14    XL:     1   Next: 50%
Magic:  1/1        EV: 13    Int:  9    God:
Gold:   6          SH:  0    Dex: 14    Spells: 0/0 levels left

rFire    x . .     SeeInvis .     - Unarmed
rCold    + . .     Gourm    .   (no shield)
rNeg     + + +     Faith    .   (no armour)
rPois    ∞         Spirit   .   (no helmet)
rElec    .         Reflect  .   (no cloak)
rCorr    .         Harm     .   (no gloves)
MR       .....                  (no boots)
Stlth    ++........             (no amulet)
HPRegen  0.06/turn              (no ring)
MPRegen  0.07/turn              (no ring)

@: no status effects
A: no food or potions, fire vulnerability, cold resistance 1, negative energy
resistance 3, torment resistance, unbreathing
a: no special abilities


You were on level 1 of the Dungeon.
You were not hungry.

You visited 1 branch of the dungeon, and saw 1 of its levels.

You collected 6 gold pieces.

You aren't carrying anything.


   Skills:
 - Level 3.0 Fighting
 - Level 2.4 Dodging
 - Level 1.5 Stealth
 + Level 2.7 Unarmed Combat


You couldn't memorise any spells.
You didn't know any spells.
Your spell library was empty.

Dungeon Overview and Level Annotations

Branches:
Dungeon (1/15)

Altars:


Innate Abilities, Weirdness & Mutations

You do not eat or drink.
Your flesh is vulnerable to fire.
You are immune to poison.
Your flesh is cold resistant. (rC+)
You are immune to negative energy. (rN+++)
You are immune to unholy pain and torment.
You can survive without breathing.


Message History

You kill the frilled lizard!
A rat comes into view.
The bat barely misses you.
You hit the rat.
The rat is heavily wounded.
The bat hits you. The rat bites you.
You barely miss the rat.
The rat is heavily wounded.
The bat hits you. The rat barely misses you.
You hit the rat.
You kill the rat!
The bat barely misses you. The kobold closely misses you.
You hit the kobold.
The kobold is moderately wounded.
The bat hits you. The bat barely misses you. The kobold closely misses you.
You hit the kobold but do no damage.
The kobold is moderately wounded.
The bat closely misses you. The kobold completely misses you.
The rat barely misses you.
You barely miss the bat. The bat hits you. The kobold hits you.
* * * LOW HITPOINT WARNING * * *
The rat misses you. The bat closely misses you.
The kobold throws a stone.
The stone hits you.
* * * LOW HITPOINT WARNING * * *
You see here a stone.
You hit the rat.
The rat is severely wounded.
The bat hits you.
* * * LOW HITPOINT WARNING * * *
The rat barely misses you. The bat hits you.
* * * LOW HITPOINT WARNING * * *
The bat misses you.
You hit the bat but do no damage. The bat hits you.
* * * LOW HITPOINT WARNING * * *
The bat barely misses you.
You closely miss the bat. The bat hits you.
* * * LOW HITPOINT WARNING * * *
The kobold throws a stone.
The stone barely misses you. The bat barely misses you.
The rat closely misses you. The kobold closely misses you.
You see here a stone.
The bat barely misses you. The bat closely misses you. The bat hits you.
* * * LOW HITPOINT WARNING * * *
The bat barely misses you. The bat hits you.
* * * LOW HITPOINT WARNING * * *
The bat completely misses you. The bat barely misses you.
The bat barely misses you. The bat barely misses you. The bat hits you.
* * * LOW HITPOINT WARNING * * *
You hit the bat.
The bat is heavily wounded.
The bat misses you. The bat barely misses you.
You barely miss the bat.
The bat is heavily wounded.
The bat hits you.
* * * LOW HITPOINT WARNING * * *
The bat misses you.
You hit the bat.
The bat is severely wounded.
The bat hits you.
You die...

#.# ### ##..####.........# .....
#.. ... ......####...#### .....
#..##.# #.[#.# ##.##...
......#...#.# #..#.# #.##.##
.....#.#.#.####..#.# #....#
...............#.#########.#
#####.#.##..####...........##.#
#......†##.(####...........##.##
#.......(...Krb@................
........###.####...........##.##
........# #..#................##
........# #..#.#................
.####.#.. #....#....####........
#.#.. #.#..#.#######........
#.#.. #.#..#.#..............
#.#...#......###.###........ .
#........


You could see a bat, a kobold and a rat.

Vanquished Creatures
  A giant cockroach (D:1)
  A frilled lizard (D:1)
  A kobold (D:1)
  2 rats (D:1)
5 creatures vanquished.

Notes
Turn   | Place    | Note
-------+----------+-------------------------------------------
     0 | D:1      | Amnesiac the Mummy Monk began the quest for the Orb.
     0 | D:1      | Reached XP level 1. HP: 18/18 MP: 1/1
   136 | D:1      | Slain by a bat

Vault maps used:
D:1:      dpeg_arrival_rhombus, minmay_pentomino_q2

Action                   || total
-------------------------++-------
Melee: Unarmed           ||    22
 Stab: Sleeping          ||     1
Dodge: Dodged            ||    32

Table legend:
 A = Spawn XP
 B = Non-spawn XP
 C = Spawn XP percentage of total XP
 D = Spawn monster count
 E = Non-spawn monster count
 F = Spawn count percentage of total count
 G = Total turns spent on level
                    A         B        C        D         E        F      G
               +---------+---------+-------+---------+---------+-------+---------
         Total |       0 |       6 |   0.0 |       0 |       5 |   0.0 |   136
               +---------+---------+-------+---------+---------+-------+---------
           D:1 |       0 |       6 |   0.0 |       0 |       5 |   0.0 |   136
               +---------+---------+-------+---------+---------+-------+---------
